 Dungeon Crawl Stone Soup version 0.29-a0-775-g4d7333d4e2 (webtiles) character file.

Game seed: 7165876137982680539

273550 dolemite99 the Warrior (level 19, -4/183 HPs)
             Began as a Demonspawn Hunter on July 2, 2022.
             Was a Priest of Jiyva.
             Killed from afar by an ironbound thunderhulk (11 damage)
             ... with a bolt of lightning
             ... led by a vault warden
             ... on level 3 of the Vaults on July 3, 2022.
             The game lasted 01:56:53 (44675 turns).

dolemite99 the Warrior (Demonspawn Hunter)         Turns: 44675, Time: 01:56:53

Health: -4/183     AC: 30    Str: 13    XL:     19   Next: 50%
Magic:  0/19       EV: 25    Int: 17    God:    Jiyva [***...]
Gold:   12         SH:  0    Dex: 37    Spells: 7/18 levels left

rFire   + . .      SeeInvis .   a - +1 longbow (vorpal)
rCold   . . .      Faith    .   (shield currently unavailable)
rNeg    . . .      Spirit   +   W - +0 ring mail "Omevvete" {rElec rF+ Slay+2}
rPois   .          Reflect  .   (helmet unavailable)
rElec   +          Harm     .   o - +0 cloak
rCorr   +          Rampage  .   h - +0 pair of gloves
Will    +....                   M - +1 pair of boots of Gitiuge {Str+6}
Stlth   +++.......              r - amulet of regeneration
HPRegen 2.32/turn               c - +4 ring of protection
MPRegen 0.67/turn               m - +6 ring of dexterity

@: sanguine armoured, calling ooze
A: horns 3, augmentation 1, magic shield, magic regeneration, magic link,
sanguine armour 3, demonic magic 3, agile 2, clever 2, robust 1, wild magic 1,
eyeballs 1, translucent skin 3, jelly absorbing missiles, engulf
}: 2/15 runes: barnacled, gossamer
a: Renounce Religion, Oozemancy


You were on level 3 of the Vaults.
You worshipped Jiyva.
Jiyva was most pleased with you.
You visited 6 branches of the dungeon, and saw 34 of its levels.
You also visited: Ossuary.

You collected 2281 gold pieces.
You spent 2269 gold pieces at shops.

Inventory:

Hand Weapons
 a - a +1 vorpal longbow (weapon)
 b - a +4 demon trident
 A - the +8 mace of Xinarchy {drain, rF++}
   (You found it on level 12 of the Dungeon)

   A truly terrible weapon, it drains the life of any living foe it strikes.
   rF:        It greatly protects you from fire.
 C - a +1 trident of protection
 V - a +2 arbalest of freezing
Missiles
 e - 10 javelins
 p - 21 poisoned darts
 q - 7 throwing nets
 H - 11 silver javelins
 Q - 28 boomerangs
Armour
 h - a +0 pair of gloves (worn)
 o - a +0 cloak (worn)
 I - +0 swamp dragon scales
 J - +0 acid dragon scales
 M - the +1 pair of boots of Gitiuge (worn) {Str+6}
   (You bought it in a shop on level 2 of the Orcish Mines)

   Str:       It affects your strength (+6).
 W - the +0 ring mail "Omevvete" (worn) {rElec rF+ Slay+2}
   (You bought it in a shop on level 2 of the Orcish Mines)

   Slay:      It affects your accuracy & damage with ranged weapons and melee
   (+2).
   rF:        It protects you from fire.
   rElec:     It insulates you from electricity.
 Z - the +3 scale mail "Zeschetig" {Will+ Int+5 Dex+4}
   (You bought it in a shop on level 14 of the Dungeon)

   Int:       It affects your intelligence (+5).
   Dex:       It affects your dexterity (+4).
   Will:      It increases your willpower.
Magical Staves
 Y - a staff of death
Jewellery
 c - a +4 ring of protection (left hand)
 i - an amulet of reflection
 m - a +6 ring of dexterity (right hand)
 r - an amulet of regeneration (around neck)
 u - a +6 ring of strength
 D - a ring of positive energy
 K - a ring of see invisible
 O - the ring "Ruuriat" {Ice Will+ Int-5 Dex+6}
   (You found it on level 2 of the Vaults)

   [ring of ice]

   It enhances your ice magic.
   Int:       It affects your intelligence (-5).
   Dex:       It affects your dexterity (+6).
   rF:        It makes you vulnerable to fire.
   rC:        It protects you from cold.
   Will:      It increases your willpower.
 P - a +6 ring of intelligence
Wands
 G - a wand of polymorph (3)
 R - a wand of digging (3)
Scrolls
 g - 3 scrolls of poison
 j - 3 scrolls of noise
 l - 9 scrolls of fog
 t - a scroll of amnesia
 N - a scroll of vulnerability
Potions
 d - a potion of might
 f - 7 potions of brilliance
 n - 6 potions of lignification
 s - a potion of curing
 x - 5 potions of cancellation
 z - 2 potions of haste
 B - a potion of berserk rage
 F - 4 potions of ambrosia
 L - a potion of magic
 U - a potion of resistance {unknown}
 X - 2 potions of mutation
Miscellaneous
 k - a condenser vane (inert)
 v - a tin of tremorstones (1/2)


   Skills:
 - Level 19.2 Fighting
 - Level 12.0 Polearms
 - Level 18.0 Ranged Weapons
 + Level 14.8 Armour
 - Level 12.0 Dodging
 - Level 0.8 Stealth
 - Level 6.0 Evocations


You had 7 spell levels left.
You knew the following spells:

 Your Spells              Type           Power      Damage    Failure   Level
a - Passwall              Tmut/Erth      0%         N/A       61%         2
b - Ignite Poison         Fire/Tmut/Pois 0%         N/A       82%         3
c - Ozocubu's Armour      Ice            0%         N/A       82%         3
d - Swiftness             Air            0%         N/A       82%         3

Your spell library contained the following spells:

 Spells                   Type           Power      Damage    Failure   Level
 Sandblast                Erth           0%         2d4       45%         1
 Sting                    Tmut/Pois      0%         1d3       45%         1
 Ensorcelled Hibernation  Hex/Ice        0%         N/A       61%         2
 Dazzling Flash           Conj/Hex       0%         N/A       82%         3
 Stone Arrow              Conj/Erth      0%         3d7       82%         3
 Tukima's Dance           Hex            0%         N/A       82%         3
 Airstrike                Air            0%         0-1+      99%         4
 Animate Dead             Necr           0%         N/A       99%         4
 Iskenderun's Mystic Bla  Conj/Tloc      0%         2d3       99%         4
 Passage of Golubria      Tloc           0%         N/A       99%         4
 Summon Ice Beast         Ice/Summ       0%         N/A       99%         4
 Summon Lightning Spire   Summ/Air       0%         N/A       99%         4
 Borgnjor's Vile Clutch   Necr/Erth      0%         N/A       100%        5
 Lightning Bolt           Conj/Air       0%         1d11      100%        5
 Silence                  Hex/Air        0%         N/A       100%        5
 Summon Mana Viper        Hex/Summ       0%         N/A       100%        5
 Yara's Violent Unravell  Hex/Tmut       0%         3d3       100%        5
 Death Channel            Necr           0%         N/A       100%        6
 Starburst                Conj/Fire      0%         6d3       100%        6
 Monstrous Menagerie      Summ           0%         N/A       100%        7
 Ozocubu's Refrigeration  Ice            0%         4d5       100%        7


Dungeon Overview and Level Annotations

Branches:
Dungeon (15/15)            Temple (0/1) D:5            Lair (6/6) D:8
 Shoals (4/4) Lair:2       Spider (4/4) Lair:4        Slime (0/5) Lair:6
    Orc (2/2) D:11            Elf (0/3) Orc:2        Vaults (3/5) D:13
Ossuary (visited)
  Crypt: Vaults:2-3  Depths: D:15

Altars:
Ashenzari
Cheibriados
Dithmenos
Elyvilon
Fedhas
Gozag
Hepliaklqana
Kikubaaqudgha
Makhleb
Nemelex Xobeh
Qazlal
Ru
Trog
Uskayaw
Vehumet
Wu Jian
Xom
Yredelemnul
Zin
Beogh
Jiyva

Shops:
D:4 ?   D:6 (   D:13 *   D:14 ::(=[   Orc:2 [([(   Vaults:1 :(*!*   Vaults:2 [
Vaults:3 **

Annotations:
D:6 2 transporters, purpskrrrp's ghost, novice KoHu
D:7 3 runed translucent doors, logorrheac's ghost, novice TrFi
D:11 2 transporters
D:13 Nessos
D:15 Rupert
Lair:1 2 runed translucent doors, gobodom's ghost, journeyman DsHW
Shoals:3 2 runed translucent doors, Wigaz's ghost, journeyman TeMo
Spider:3 Roxanne
Orc:2 3 runed translucent doors, frimble's ghost, journeyman OpWr


Innate Abilities, Weirdness & Mutations

You have a pair of large horns on your head.
Your magical and physical power is slightly enhanced at high health.
When hurt, damage is shared between your health and your magic reserves.
You regenerate magic rapidly.
When low on magic, you restore magic in place of health.
When seriously injured, your blood forms very thick armour. (AC +12)
Spells you cast and wands you use may paralyse nearby enemies.
You are very agile. (Dex +8, Str/Int -2)
Your mind is very acute. (Int +8, Str/Dex -2)
You are robust. (+10% HP)
Your spells are a little harder to cast, but a little more powerful.
Your body has grown eyes which may confuse attackers. (Acc +3)
Your transparent skin significantly reduces your foes' accuracy. (Stealth+)
You have a small jelly attached to you that may absorb projectiles.
Your melee attacks may engulf your foes in ooze.


Message History

The bolt closely misses you.
Really attack while wielding your +1 vorpal longbow? [Y]es or [N]o only, please.
Really attack while wielding your +1 vorpal longbow?
Okay, then.
Unknown command.
Okay, then.
Activating: Oozemancy (16% risk of failure)
Press: ? - help, Dir - look around, f - activate Slime begins to ooze from the nearby walls!
The walls burn the deep troll!
The walls burn the ironbound thunderhulk!
The ironbound thunderhulk hits you with a +0 dire flail.
* * * LOW HITPOINT WARNING * * *
The wall burns the ironbound convoker!
Strange energies crackle from the ironbound thunderhulk's apparatus.
The ironbound thunderhulk blinks!
Really attack while wielding your +1 vorpal longbow?
Okay, then.
Unknown command.
The walls burn the deep troll!
The deep troll closely misses you.
The deep troll claws you but does no damage.
The deep troll closely misses you.
The fire giant hits you with a +2 great sword of flaming!!
* * * LOW HITPOINT WARNING * * *
The fire giant burns you.
* * * LOW HITPOINT WARNING * * *
The walls burn the ironbound convoker!
The ironbound convoker gestures at the fire giant while chanting.
The fire giant seems to grow stronger.
The wall burns the yaktaur!
The ironbound convoker casts a spell at the yaktaur.
The yaktaur seems to grow stronger.
The yaktaur unwields a +0 arbalest.
The yaktaur hits you!
* * * LOW HITPOINT WARNING * * *
The walls burn the ironbound thunderhulk!
The ironbound thunderhulk hits you with a +0 dire flail.
* * * LOW HITPOINT WARNING * * *
Electricity crackles from the ironbound thunderhulk's apparatus.
The bolt of lightning hits you! You resist.
You die...

#.....T[...# #
..
#.....####''.# #
...#....T# # #
...#.....# #
...'...cp# #
^..#.....# #
...#O....# # .
#...CT# #
#...@.# #
#..cpO# #
#..c..# #
#########..[?..
..
#.O.....#c÷)####
.. #.....†..)..#
.. #...[[..#...#
#...#.#.'...#
#...#.#p#...#


You could see a fire giant (strong), 2 ironbound thunderhulks, 2 deep trolls, 2
ironbound convokers and 4 yaktaurs.

Vanquished Creatures
  Arachne (Spider:2)
  Jorgrun (D:12)
  2 sphinxes
  Frances (D:14)
  10 vault wardens
  A frost giant (Shoals:2)
  8 emperor scorpions
  2 ghost moths (Spider:4)
  2 orc warlords
  4 very ugly things
  3 ironbound thunderhulks
  6 ironbound preservers
  2 war gargoyles (Vaults:2)
  7 dire elephants
  Azrael (D:15)
  5 entropy weavers
  3 minotaurs (Shoals:4)
  Snorg (Lair:5)
  3 merfolk impalers
  7 yaktaur captains
  3 merfolk javelineers
  Harold (D:9)
  An ogre mage (D:15)
  A peacekeeper (Vaults:2)
  2 radroaches
  A rakshasa (D:15)
  10 vault guards
  5 hydras
  Fannar (D:11)
  4 boulder beetles
  6 ironbound frosthearts
  30 centaur warriors
  3 catoblepae
  A merfolk avatar (Shoals:4)
  3 merfolk aquamancers
  6 two-headed ogres (D:15)
  A tengu warrior (D:13)
  18 death yaks
  13 satyrs
  Urug (Lair:3)
  2 orc high priests (Orc:2)
  Nergalle (D:11)
  2 sun moths
  10 steelbarb worms
  12 sea snakes
  8 pharaoh ants
  9 ironbound convokers
  6 orb spiders
  5 lindwurms
  21 deep trolls
  A wizard (Vaults:2)
  25 harpies
  5 orc knights
  A necromancer (Vaults:3)
  4 cyclopes
  11 ugly things
  13 fauns
  4 moths of wrath
  18 manticores
  23 wolf spiders
  5 black mambas
  Maurice (D:10)
  4 merfolk sirens
  A water nymph (Shoals:1)
  12 torpor snails
  4 elephants (Lair:6)
  7 vault sentinels
  A guardian serpent (shapeshifter) (D:15)
  12 cane toads
  A kobold demonologist (D:12)
  An unseen horror zombie (D:10)
  5 rime drakes
  A freezing wraith (D:15)
  33 yaktaurs
  11 demonic crawlers
  A tengu conjurer (D:13)
  11 komodo dragons
  25 merfolk
  9 trolls
  A tyrant leech (Lair:4)
  3 meliai (Spider:3)
  2 polar bears
  27 blink frogs
  23 tarantellas
  4 wind drakes (Shoals:1)
  A hornet (D:10)
  6 dream sheep
  24 jumping spiders
  14 snapping turtles
  21 culicivoras
  A human simulacrum (Vaults:3)
  Sigmund (D:6)
  17 water elementals
  3 vampires
  6 wraiths
  7 basilisks
  41 yaks
  4 fire elementals (D:15)
  4 wyverns
  62 redbacks
  3 steam dragons
  10 vampire mosquitoes
  2 swamp worms (Lair:4)
  2 wargs (Orc:2)
  6 acid dragons
  14 water moccasins
  A glowing shapeshifter skeleton (Vaults:3)
  4 hell hounds (D:15)
  29 orc warriors
  An ice beast (D:6)
  3 black bears
  8 ogres
  4 centaurs
  19 wolves
  A human zombie (Vaults:3)
  An elf zombie (Ossuary)
  2 kobold brigands
  2 gnoll sergeants
  2 scorpions
  16 bullfrogs
  A necrophage (D:6)
  16 wights
  4 killer bees (D:8)
  4 electric eels
  4 howler monkeys
  7 centaur zombies
  A bullfrog zombie (D:7)
  2 hounds
  A bouda (Orc:2)
  11 orc priests
  4 iguanas
  Jessica (D:2)
  20 orc wizards
  2 ogre zombies (Ossuary)
  7 mummies (Ossuary)
  A howler monkey zombie (D:7)
  13 gnolls
  5 adders
  A shadow imp (D:7)
  4 adder zombies (Ossuary)
  83 orcs
  A bat zombie (D:8)
  3 endoplasms (D:1)
  5 giant cockroaches
  A gnoll zombie (Ossuary)
  6 goblins
  3 hobgoblins
  6 jackals (D:1)
  2 quokkas
  3 ball pythons
  5 frilled lizards
  3 goblin zombies
  2 hobgoblin zombies (Ossuary)
  10 kobolds
  6 kobold zombies (Ossuary)
  4 quokka zombies (Ossuary)
  2 rats
  7 rat zombies
1170 creatures vanquished.

Vanquished Creatures (collateral kills)
  An ironbound preserver (Vaults:3)
  2 two-headed ogres (D:9)
  A boulder beetle (Lair:5)
  A catoblepas (Lair:5)
  A centaur warrior (Vaults:2)
  2 ugly things (D:14)
  A vault sentinel (Vaults:2)
  A yaktaur (Vaults:2)
  Maggie (D:8)
  An efreet (D:14)
  A yak (Lair:5)
  2 vampire mosquitoes (D:10)
  An orc warrior (D:7)
  An orc priest (D:7)
  A howler monkey zombie (D:10)
18 creatures vanquished.

Vanquished Creatures (others)
  An ironbound preserver (Vaults:2)
  A yaktaur captain (Vaults:2)
  Erolcha (D:12)
  7 great orbs of eyes
  A vault guard (D:13)
  A rakshasa (D:15)
  A hydra (D:15)
  A sea snake (Shoals:4)
  3 deep trolls (Vaults:3)
  A deep elf pyromancer (D:13)
  3 ugly things
  A manticore (Shoals:4)
  An oklob plant (Lair:3)
  A vault sentinel (Vaults:2)
  A rime drake (Shoals:1)
  6 yaktaurs
  A troll (D:12)
  25 slime creatures
  A yak (Lair:3)
  2 vampire mosquitoes (D:13)
  An acid dragon (D:12)
  A water moccasin (D:6)
  An orc warrior (Orc:2)
  4 centaurs
  A kobold brigand (D:10)
  2 wights
  2 killer bees (D:8)
  2 howler monkeys
  247 jellies
  A hound (D:5)
  4 orc priests
  An iguana (D:5)
  9 orc wizards
  4 adders
  2 endoplasms (D:3)
  22 orcs
  A bat zombie (D:8)
  2 hobgoblins
  2 jackals (D:5)
  11 kobolds
  A frilled lizard (D:3)
  A rat (D:3)
  A spectral hobgoblin (D:12)
  7 bushes (Lair:1)
  102 fungi
  190 plants
  10 withered plants
692 creatures vanquished.

Grand Total: 1880 creatures vanquished

Notes
Turn   | Place    | Note
-------+----------+-------------------------------------------
     0 | D:1      | dolemite99 the Demonspawn Hunter began the quest for the
                  | Orb.
     0 | D:1      | Reached XP level 1. HP: 16/16 MP: 1/1
   459 | D:1      | Gained mutation: You regenerate magic rapidly. [demonic
                  | ancestry]
   459 | D:1      | Reached XP level 2. HP: 22/22 MP: 2/2
  1020 | D:1      | Found a faded altar of an unknown god.
  1076 | D:1      | Prayed at the altar of an unknown god.
  1076 | D:1      | Became a worshipper of Jiyva Jucs the Shapeless
  1076 | D:1      | Reached * piety under Jiyva
  1185 | D:2      | Reached XP level 3. HP: 27/27 MP: 3/3
  1313 | D:2      | Noticed Jessica
  1318 | D:2      | Killed Jessica
  1436 | D:2      | Reached ** piety under Jiyva
  2124 | D:3      | Reached skill level 5 in Ranged Weapons
  2442 | D:3      | Found a burning altar of Makhleb.
  2444 | D:3      | Found a bloodstained altar of Trog.
  2444 | D:3      | Found an opulent altar of Gozag.
  2502 | D:3      | Found a broken altar of Ashenzari.
  2503 | D:3      | Found a blossoming altar of Fedhas.
  2506 | D:3      | Reached *** piety under Jiyva
  2866 | D:3      | Gained mutation: You are agile. (Dex +4, Str/Int -1)
                  | [Jiyva's grace]
  2866 | D:3      | Gained mutation: You are very agile. (Dex +8, Str/Int -2)
                  | [Jiyva's grace]
  2866 | D:3      | Gained mutation: Your flesh is cold resistant. (rC+)
                  | [Jiyva's grace]
  2866 | D:3      | Gained mutation: Your flesh is very cold resistant. (rC++)
                  | [Jiyva's grace]
  3335 | D:4      | Gained mutation: When seriously injured, your blood forms
                  | armour. (AC +12) [demonic ancestry]
  3335 | D:4      | Reached XP level 4. HP: 33/33 MP: 4/4
  3360 | D:4      | Found Ycwueth's Magic Scroll Shop.
  3363 | D:4      | Bought a scroll of teleportation for 39 gold pieces
  3363 | D:4      | Bought a scroll of fog for 26 gold pieces
  3530 | D:4      | Gained mutation: When seriously injured, your blood forms
                  | thick armour. (AC +12) [demonic ancestry]
  3530 | D:4      | Reached XP level 5. HP: 38/38 MP: 5/5
  3545 | D:4      | Found a radiant altar of Vehumet.
  3892 | D:4      | Identified the +10 dagger of the Glamorous God {vamp, rF-
                  | rC+ Dex+9}
  3923 | D:5      | Entered Level 5 of the Dungeon
  4012 | D:5      | Reached **** piety under Jiyva
  4222 | D:5      | Found a sand-covered staircase.
  4243 | D:5      | Found a staircase to the Ecumenical Temple.
  4268 | Ossuary  | Entered an ossuary
  4369 | Ossuary  | Gained mutation: Spells you cast may paralyse adjacent
                  | enemies. [demonic ancestry]
  4369 | Ossuary  | Reached XP level 6. HP: 44/44 MP: 6/6
  4731 | D:5      | Gained mutation: You have a pair of small horns on your
                  | head. [demonic ancestry]
  4731 | D:5      | Reached XP level 7. HP: 50/50 MP: 7/7
  4932 | D:6      | Found Gixkicir's Antique Weapon Boutique.
  4935 | D:6      | Bought a runed arbalest for 165 gold pieces
  5103 | D:6      | Found a stormy altar of Qazlal.
  5282 | D:6      | Lost mutation: You are very agile. (Dex +8, Str/Int -2)
                  | [Jiyva's grace]
  5282 | D:6      | Lost mutation: Your flesh is very cold resistant. (rC++)
                  | [Jiyva's grace]
  5282 | D:6      | Gained mutation: You have a pair of horns on your head.
                  | [Jiyva's grace]
  5282 | D:6      | Gained mutation: You have a pair of large horns on your
                  | head. [Jiyva's grace]
  5282 | D:6      | Gained mutation: You are resistant to electric shocks.
                  | (rElec) [Jiyva's grace]
  5282 | D:6      | Gained mutation: You have a small jelly attached to you
                  | that senses nearby items. [Jiyva's grace]
  5290 | D:6      | Identified the +5 kite shield "Agahauku" {Regen+}
  5301 | D:6      | Found a transporter.
  5306 | D:6      | Noticed purpskrrrp's ghost (novice KoHu)
  5308 | D:6      | Found a transporter.
  5360 | D:6      | Reached ***** piety under Jiyva
  5365 | D:6      | Found a sacrificial altar of Ru.
  5405 | D:6      | Identified the ring "Estrietuke" {MP+9 Str+3}
  5428 | D:6      | Noticed Sigmund
  5433 | D:6      | Gained mutation: When seriously injured, your blood forms
                  | very thick armour. (AC +12) [demonic ancestry]
  5433 | D:6      | Reached XP level 8. HP: 56/56 MP: 8/8
  5433 | D:6      | Killed Sigmund
  5564 | D:6      | Reached skill level 10 in Ranged Weapons
  5954 | D:7      | Found a runed translucent gate.
  5954 | D:7      | Found a runed translucent gate.
  5954 | D:7      | Found a runed translucent gate.
  5954 | D:7      | Noticed logorrheac's ghost (novice TrFi)
  5957 | D:7      | Found a basalt altar of Yredelemnul.
  6101 | D:7      | Found a sparkling altar of Nemelex Xobeh.
  6211 | D:7      | Noticed a seven-headed hydra
  6211 | D:7      | Noticed a boulder beetle
  6211 | D:7      | Noticed a four-headed hydra
  6517 | D:7      | Found a shadowy altar of Dithmenos.
  6586 | D:7      | Gained mutation: Spells you cast may paralyse nearby
                  | enemies. [demonic ancestry]
  6586 | D:7      | Reached XP level 9. HP: 55/61 MP: 9/9
  7280 | D:8      | Found a hide-covered altar of Uskayaw.
  7384 | D:8      | Found a staircase to the Lair.
  7427 | D:8      | Lost mutation: You have a pair of large horns on your head.
                  | [Jiyva's grace]
  7427 | D:8      | Lost mutation: You have a pair of horns on your head.
                  | [Jiyva's grace]
  7427 | D:8      | Gained mutation: Your translucent skin slightly reduces
                  | your foes' accuracy. (Stealth+) [Jiyva's grace]
  7427 | D:8      | Gained mutation: Your translucent skin reduces your foes'
                  | accuracy. (Stealth+) [Jiyva's grace]
  7427 | D:8      | Gained mutation: Your transparent skin significantly
                  | reduces your foes' accuracy. (Stealth+) [Jiyva's grace]
  7427 | D:8      | Gained mutation: You have a small jelly attached to you
                  | that may absorb projectiles. [Jiyva's grace]
  7439 | D:8      | Reached ****** piety under Jiyva
  7478 | D:8      | Noticed Maggie
  7491 | D:8      | Killed Maggie
  7492 | D:8      | Reached skill level 3 in Fighting
  7710 | D:8      | Found an ancient bone altar of Kikubaaqudgha.
  8067 | D:9      | Reached skill level 4 in Fighting
  8233 | D:9      | Reached skill level 5 in Fighting
  8426 | D:9      | Noticed a two-headed ogre
  8431 | D:9      | Killed a two-headed ogre
  8432 | D:9      | Reached skill level 6 in Fighting
  8432 | D:9      | Gained mutation: You have a pair of horns on your head.
                  | [demonic ancestry]
  8432 | D:9      | Reached XP level 10. HP: 60/76 MP: 10/10
  8847 | D:9      | Noticed a two-headed ogre
  8856 | D:9      | HP: 1/76 [two-headed ogre/+0 giant spiked club (29)]
  8856 | D:9      | Killed a two-headed ogre
  9040 | D:9      | Reached skill level 5 in Dodging
  9326 | D:9      | Noticed Harold
  9337 | D:9      | Killed Harold
  9588 | D:10     | Entered Level 10 of the Dungeon
  9596 | D:10     | Reached skill level 7 in Fighting
 10016 | D:10     | Reached skill level 8 in Fighting
 10040 | D:10     | Lost mutation: You have a small jelly attached to you that
                  | senses nearby items. [Jiyva's grace]
 10040 | D:10     | Gained mutation: Your muscles are strong. (Str +4, Int/Dex
                  | -1) [Jiyva's grace]
 10040 | D:10     | Gained mutation: Your muscles are very strong. (Str +8,
                  | Int/Dex -2) [Jiyva's grace]
 10040 | D:10     | Gained mutation: You passively map a small area around you.
                  | [Jiyva's grace]
 10040 | D:10     | Gained mutation: You passively map the area around you.
                  | [Jiyva's grace]
 10075 | D:10     | Reached skill level 9 in Fighting
 10230 | D:10     | Noticed Maurice
 10267 | D:10     | Killed Maurice
 10268 | D:10     | Reached XP level 11. HP: 89/89 MP: 11/11
 11085 | D:10     | Found a shimmering altar of Xom.
 11323 | D:11     | Reached skill level 10 in Fighting
 11333 | D:11     | Found a transporter.
 11365 | D:11     | Noticed Fannar
 11478 | Lair:1   | Entered Level 1 of the Lair of Beasts
 11558 | D:4      | Bought a scroll of teleportation for 39 gold pieces
 11558 | D:4      | Bought a scroll of teleportation for 39 gold pieces
 11558 | D:4      | Bought a scroll of fear for 45 gold pieces
 12292 | Lair:1   | Lost mutation: Your flesh is cold resistant. (rC+) [Jiyva's
                  | grace]
 12292 | Lair:1   | Lost mutation: You passively map the area around you.
                  | [Jiyva's grace]
 12292 | Lair:1   | Lost mutation: Your muscles are very strong. (Str +8,
                  | Int/Dex -2) [Jiyva's grace]
 12292 | Lair:1   | Gained mutation: You have sharp toenails. [Jiyva's grace]
 12292 | Lair:1   | Gained mutation: You have razor-sharp toenails. [Jiyva's
                  | grace]
 12292 | Lair:1   | Gained mutation: You have claws for feet. [Jiyva's grace]
 12292 | Lair:1   | Gained mutation: Armour fits poorly on your pseudopods.
                  | [Jiyva's grace]
 12516 | Lair:1   | Reached skill level 11 in Fighting
 12608 | Lair:1   | Found a large runed translucent door.
 12615 | Lair:1   | Found a large runed translucent door.
 12617 | Lair:1   | Noticed gobodom's ghost (journeyman DsHW)
 13545 | Lair:2   | Found a staircase to the Shoals.
 13561 | Lair:2   | Reached skill level 12 in Fighting
 13866 | Lair:3   | Noticed a wolf spider
 13877 | Lair:3   | Killed a wolf spider
 13897 | Lair:3   | Noticed a five-headed hydra
 13903 | Lair:3   | Killed a five-headed hydra
 13970 | Lair:3   | Noticed a death yak
 13987 | Lair:3   | Killed a death yak
 14010 | Lair:3   | Noticed a death yak
 14011 | Lair:3   | Noticed a death yak
 14012 | Lair:3   | Noticed a death yak
 14012 | Lair:3   | Noticed a death yak
 14013 | Lair:3   | Noticed a death yak
 14017 | Lair:3   | Killed a death yak
 14018 | Lair:3   | Gained mutation: You have a pair of large horns on your
                  | head. [demonic ancestry]
 14018 | Lair:3   | Reached XP level 12. HP: 102/102 MP: 12/12
 14021 | Lair:3   | Noticed an eight-headed hydra
 14023 | Lair:3   | Killed a death yak
 14027 | Lair:3   | Killed a death yak
 14030 | Lair:3   | Killed a death yak
 14031 | Lair:3   | Noticed a four-headed hydra
 14032 | Lair:3   | Killed a death yak
 14066 | Lair:3   | Reached skill level 13 in Fighting
 14067 | Lair:3   | Killed a four-headed hydra
 14150 | Lair:3   | Noticed Urug
 14169 | Lair:3   | Killed Urug
 14381 | Lair:3   | You fall into a shaft and drop 1 floor!
 14381 | Lair:4   | Found a hole to the Spider Nest.
 14542 | Lair:4   | Reached skill level 14 in Fighting
 14576 | Lair:4   | Lost mutation: You passively map a small area around you.
                  | [Jiyva's grace]
 14576 | Lair:4   | Lost mutation: Your transparent skin significantly reduces
                  | your foes' accuracy. (Stealth+) [Jiyva's grace]
 14576 | Lair:4   | Gained mutation: You have acidic saliva. [Jiyva's grace]
 14576 | Lair:4   | Gained mutation: You expend magic power (3 MP) to
                  | strengthen your wands. [Jiyva's grace]
 14576 | Lair:4   | Lost mutation: Your translucent skin reduces your foes'
                  | accuracy. (Stealth+) [Jiyva's grace]
 14576 | Lair:4   | Lost mutation: Your translucent skin slightly reduces your
                  | foes' accuracy. (Stealth+) [Jiyva's grace]
 14576 | Lair:4   | Gained mutation: Your skin changes colour to match your
                  | surroundings (Stealth+). [Jiyva's grace]
 14576 | Lair:4   | Gained mutation: Your skin blends seamlessly with your
                  | surroundings (Stealth++). [Jiyva's grace]
 14688 | Lair:4   | Reached skill level 1 in Armour
 15379 | Lair:5   | Noticed a boulder beetle
 15384 | Lair:5   | Killed a boulder beetle
 15431 | Lair:5   | Reached XP level 13. HP: 88/114 MP: 13/13
 15438 | Lair:5   | Reached skill level 5 in Armour
 15552 | Lair:5   | Found a snail-covered altar of Cheibriados.
 15613 | Lair:5   | Noticed Snorg
 15849 | Lair:6   | Entered Level 6 of the Lair of Beasts
 15944 | Lair:5   | Killed Snorg
 16249 | Lair:5   | Lost mutation: You have claws for feet. [Jiyva's grace]
 16249 | Lair:5   | Lost mutation: You are agile. (Dex +4, Str/Int -1) [Jiyva's
                  | grace]
 16249 | Lair:5   | Lost mutation: You have a small jelly attached to you that
                  | may absorb projectiles. [Jiyva's grace]
 16249 | Lair:5   | Gained mutation: You have sharp fingernails. [Jiyva's
                  | grace]
 16249 | Lair:5   | Gained mutation: You have very sharp fingernails. [Jiyva's
                  | grace]
 16249 | Lair:5   | Gained mutation: You have claws for hands. [Jiyva's grace]
 16249 | Lair:5   | Gained mutation: You are covered in slimy tendrils that may
                  | disarm your opponents. [Jiyva's grace]
 16615 | Lair:5   | Reached skill level 1 in Polearms
 17378 | Lair:6   | Reached skill level 5 in Polearms
 17722 | Lair:6   | Found a staircase to the Slime Pits.
 17853 | Lair:6   | Reached XP level 14. HP: 96/121 MP: 14/14
 18081 | Lair:6   | Found a hide-covered altar of Uskayaw.
 18083 | Lair:6   | Found an ornate altar of the Wu Jian Council.
 18487 | Lair:6   | Reached skill level 10 in Polearms
 18755 | Lair:6   | Found the -2 hat of the Alchemist {rElec rPois rF+ rC+ rN+
                  | Will+ rMut rCorr}
 18760 | Lair:6   | Got the Catalogue of Intoxication and Lightness
 18768 | Lair:6   | Learned a level 3 spell: Swiftness
 18772 | Lair:6   | Learned a level 3 spell: Ignite Poison
 18776 | Lair:6   | Learned a level 3 spell: Ozocubu's Armour
 18972 | D:4      | Bought a scroll of blinking for 97 gold pieces
 18972 | D:4      | Bought a scroll of identify for 26 gold pieces
 18972 | D:4      | Bought a scroll of identify for 26 gold pieces
 18972 | D:4      | Bought a scroll of vulnerability for 97 gold pieces
 19227 | D:11     | Killed Fannar
 19228 | D:11     | Reached skill level 1 in Evocations
 19559 | D:11     | Found a blossoming altar of Fedhas.
 19571 | D:11     | Noticed Nergalle
 19591 | D:11     | Killed Nergalle
 19985 | D:11     | Found a staircase to the Orcish Mines.
 20082 | D:11     | Lost mutation: You have claws for hands. [Jiyva's grace]
 20082 | D:11     | Lost mutation: You have very sharp fingernails. [Jiyva's
                  | grace]
 20082 | D:11     | Lost mutation: You have razor-sharp toenails. [Jiyva's
                  | grace]
 20082 | D:11     | Lost mutation: Your skin blends seamlessly with your
                  | surroundings (Stealth++). [Jiyva's grace]
 20082 | D:11     | Lost mutation: Your muscles are strong. (Str +4, Int/Dex
                  | -1) [Jiyva's grace]
 20082 | D:11     | Lost mutation: You have acidic saliva. [Jiyva's grace]
 20082 | D:11     | Lost mutation: You are covered in slimy tendrils that may
                  | disarm your opponents. [Jiyva's grace]
 20082 | D:11     | Gained mutation: You are covered in slimy tendrils that may
                  | disarm your opponents. [Jiyva's grace]
 20082 | D:11     | Gained mutation: You are strong-willed. (Will+) [Jiyva's
                  | grace]
 20082 | D:11     | Gained mutation: You are highly strong-willed. (Will++)
                  | [Jiyva's grace]
 20082 | D:11     | Gained mutation: You are extremely strong-willed. (Will+++)
                  | [Jiyva's grace]
 20229 | D:11     | Found a transporter.
 20362 | D:12     | Killed Erolcha
 20436 | D:12     | Noticed Sonja
 20437 | D:12     | Noticed Sonja
 20437 | D:12     | Sonja changed into Sonja the scorpion
 20440 | D:12     | Killed Sonja the scorpion
 20618 | D:12     | Noticed Jorgrun
 20639 | D:12     | Killed Jorgrun
 20640 | D:12     | Reached skill level 5 in Evocations
 20864 | D:12     | Identified the +8 mace of Xinarchy {drain, rF++}
 20882 | D:12     | Found a hazy altar of Hepliaklqana.
 21261 | D:13     | Found a gate to the Vaults.
 21545 | D:13     | Reached skill level 15 in Ranged Weapons
 21846 | D:13     | Noticed Nessos
 21847 | D:13     | Noticed Nessos
 21847 | D:13     | Nessos changed into Nessos the shining eye
 22174 | D:13     | Found Igooxkak's Assorted Antiques.
 22183 | D:13     | Bought a scroll labelled XABIGR REORGHAUZ for 23 gold
                  | pieces
 22183 | D:13     | Bought a runed longbow for 218 gold pieces
 22384 | Orc:1    | Entered Level 1 of the Orcish Mines
 22676 | Orc:2    | Entered Level 2 of the Orcish Mines
 22760 | Orc:2    | Found a runed translucent gate.
 22760 | Orc:2    | Found a runed translucent gate.
 22760 | Orc:2    | Found a runed translucent gate.
 22760 | Orc:2    | Noticed frimble's ghost (journeyman OpWr)
 23390 | Orc:2    | Lost mutation: You have sharp fingernails. [Jiyva's grace]
 23390 | Orc:2    | Gained mutation: Your melee attacks may engulf your foes in
                  | ooze. [Jiyva's grace]
 23390 | Orc:2    | Gained mutation: Your spells are a little harder to cast,
                  | but a little more powerful. [Jiyva's grace]
 23390 | Orc:2    | Gained mutation: Your spells are harder to cast, but more
                  | powerful. [Jiyva's grace]
 23390 | Orc:2    | Gained mutation: Your spells are much harder to cast, but
                  | much more powerful. [Jiyva's grace]
 23724 | Orc:2    | Found a staircase to the Elven Halls.
 23971 | Orc:2    | Found Ywkunk's Antique Armour Shop.
 24139 | Orc:2    | Gained mutation: When hurt, damage is shared between your
                  | health and your magic reserves. [demonic ancestry]
 24139 | Orc:2    | Reached XP level 15. HP: 127/127 MP: 15/15
 24193 | Orc:2    | Noticed an orc warlord
 24259 | Orc:2    | Killed an orc warlord
 24306 | Orc:2    | Found Tiequc Qivuh's Antique Armour Emporium.
 24314 | Orc:2    | Found Finwung's Antique Weapon Shoppe.
 24325 | Orc:2    | Bought a pair of polished boots for 190 gold pieces
 24325 | Orc:2    | Identified the +1 pair of boots of Gitiuge {Str+6} (You
                  | bought it in a shop on level 2 of the Orcish Mines)
 24325 | Orc:2    | Bought a transparent ring mail for 180 gold pieces
 24325 | Orc:2    | Identified the +0 ring mail "Omevvete" {rElec rF+ Slay+2}
                  | (You bought it in a shop on level 2 of the Orcish Mines)
 24452 | Orc:2    | Found Qavuhamu's Antique Weapon Boutique.
 24885 | D:14     | Noticed Frances
 24899 | D:14     | Killed Frances
 24950 | D:14     | Found Xeil's Book Emporium.
 24997 | D:14     | Found Haoxaj's Jewellery Shop.
 25078 | D:14     | Found Duin's Antique Weapon Shoppe.
 25080 | D:14     | Found Odeabbacho's Book Shoppe.
 25241 | D:14     | Found Ryel's Antique Armour Boutique.
 25351 | D:14     | Bought a distressingly furry scale mail for 378 gold pieces
 25351 | D:14     | Identified the +3 scale mail "Zeschetig" {Will+ Int+5
                  | Dex+4} (You bought it in a shop on level 14 of the Dungeon)
 25543 | D:15     | Entered Level 15 of the Dungeon
 25788 | D:15     | Learned a level 2 spell: Passwall
 25792 | D:15     | Learned a level 3 spell: Swiftness
 25839 | D:15     | Noticed Azrael
 25860 | D:15     | Killed Azrael
 25903 | D:15     | Noticed Rupert
 26282 | Shoals:1 | Entered Level 1 of the Shoals
 26336 | Shoals:1 | Reached skill level 15 in Fighting
 27382 | Shoals:2 | Reached skill level 16 in Fighting
 27446 | Shoals:2 | Lost mutation: Your skin changes colour to match your
                  | surroundings (Stealth+). [Jiyva's grace]
 27446 | Shoals:2 | Lost mutation: Your spells are much harder to cast, but
                  | much more powerful. [Jiyva's grace]
 27446 | Shoals:2 | Lost mutation: You are covered in slimy tendrils that may
                  | disarm your opponents. [Jiyva's grace]
 27446 | Shoals:2 | Lost mutation: You expend magic power (3 MP) to strengthen
                  | your wands. [Jiyva's grace]
 27446 | Shoals:2 | Gained mutation: Your flesh is heat resistant. (rF+)
                  | [Jiyva's grace]
 27446 | Shoals:2 | Gained mutation: Your flesh is very heat resistant. (rF++)
                  | [Jiyva's grace]
 27446 | Shoals:2 | Gained mutation: Your flesh is almost immune to the effects
                  | of heat. (rF+++) [Jiyva's grace]
 27446 | Shoals:2 | Gained mutation: You are covered in slimy tendrils that may
                  | disarm your opponents. [Jiyva's grace]
 27638 | Shoals:2 | Noticed a frost giant
 28349 | Spider:1 | Entered Level 1 of the Spider Nest
 28545 | Spider:1 | Gained mutation: Your magical and physical power is
                  | slightly enhanced at high health. [demonic ancestry]
 28545 | Spider:1 | Reached XP level 16. HP: 69/140 MP: 13/16
 28628 | Spider:1 | Reached skill level 17 in Fighting
 29808 | Spider:2 | Noticed Arachne
 29831 | Spider:2 | Reached skill level 18 in Fighting
 30898 | Spider:2 | Killed Arachne
 31114 | Spider:3 | Reached skill level 19 in Fighting
 31380 | Spider:3 | Lost mutation: Your flesh is almost immune to the effects
                  | of heat. (rF+++) [Jiyva's grace]
 31380 | Spider:3 | Lost mutation: Your flesh is very heat resistant. (rF++)
                  | [Jiyva's grace]
 31380 | Spider:3 | Lost mutation: You are extremely strong-willed. (Will+++)
                  | [Jiyva's grace]
 31380 | Spider:3 | Lost mutation: Your spells are harder to cast, but more
                  | powerful. [Jiyva's grace]
 31380 | Spider:3 | Lost mutation: Armour fits poorly on your pseudopods.
                  | [Jiyva's grace]
 31380 | Spider:3 | Gained mutation: You have a small jelly attached to you
                  | that senses nearby items. [Jiyva's grace]
 31380 | Spider:3 | Gained mutation: You are robust. (+10% HP) [Jiyva's grace]
 31380 | Spider:3 | Gained mutation: You are very robust. (+20% HP) [Jiyva's
                  | grace]
 31380 | Spider:3 | Gained mutation: You are extremely robust. (+30% HP)
                  | [Jiyva's grace]
 31815 | Spider:3 | Noticed Roxanne
 31861 | Spider:4 | Entered Level 4 of the Spider Nest
 32832 | Spider:4 | Reached XP level 17. HP: 198/198 MP: 17/17
 34619 | Shoals:2 | Noticed a titan
 34991 | Shoals:3 | Found a large runed translucent door.
 34991 | Shoals:3 | Found a large runed translucent door.
 35006 | Shoals:3 | Noticed Wigaz's ghost (journeyman TeMo)
 35161 | Shoals:3 | Lost mutation: Your flesh is heat resistant. (rF+) [Jiyva's
                  | grace]
 35161 | Shoals:3 | Lost mutation: Your melee attacks may engulf your foes in
                  | ooze. [Jiyva's grace]
 35161 | Shoals:3 | Gained mutation: You have a small jelly attached to you
                  | that may absorb projectiles. [Jiyva's grace]
 35161 | Shoals:3 | Gained mutation: Your translucent skin slightly reduces
                  | your foes' accuracy. (Stealth+) [Jiyva's grace]
 35161 | Shoals:3 | Gained mutation: Your translucent skin reduces your foes'
                  | accuracy. (Stealth+) [Jiyva's grace]
 35161 | Shoals:3 | Gained mutation: Your transparent skin significantly
                  | reduces your foes' accuracy. (Stealth+) [Jiyva's grace]
 35828 | Shoals:4 | Entered Level 4 of the Shoals
 37065 | Shoals:4 | Reached skill level 10 in Dodging
 37290 | Shoals:4 | Gained mutation: Spells you cast and wands you use may
                  | paralyse nearby enemies. [demonic ancestry]
 37290 | Shoals:4 | Reached XP level 18. HP: 204/208 MP: 16/18
 37465 | Shoals:4 | Found the +0 mask of the Dragon {Will+ Slay+3 SInv}
 37695 | Shoals:4 | Got a barnacled rune of Zot
 37970 | Vaults:1 | Entered Level 1 of the Vaults
 38976 | Vaults:1 | Found Ixtaotir's Weapon Boutique.
 39834 | Vaults:1 | Found Sailot's General Store.
 39841 | Vaults:1 | Bought a ring of see invisible for 300 gold pieces
 39841 | Vaults:1 | Bought a potion of heal wounds for 100 gold pieces
 39841 | Vaults:1 | Bought a potion of heal wounds for 100 gold pieces
 40813 | Spider:4 | Got a gossamer rune of Zot
 41325 | Vaults:1 | Identified the +2 arbalest of Vuqaudis {freeze, rCorr Int+7
                  | Dex-5}
 41343 | Vaults:1 | Identified the +8 arbalest "Zidel" {flame, Stlth+}
 41428 | Vaults:1 | Lost mutation: You are highly strong-willed. (Will++)
                  | [Jiyva's grace]
 41428 | Vaults:1 | Lost mutation: You are strong-willed. (Will+) [Jiyva's
                  | grace]
 41428 | Vaults:1 | Lost mutation: You are extremely robust. (+30% HP) [Jiyva's
                  | grace]
 41428 | Vaults:1 | Lost mutation: You are covered in slimy tendrils that may
                  | disarm your opponents. [Jiyva's grace]
 41428 | Vaults:1 | Gained mutation: You are agile. (Dex +4, Str/Int -1)
                  | [Jiyva's grace]
 41428 | Vaults:1 | Gained mutation: You are very agile. (Dex +8, Str/Int -2)
                  | [Jiyva's grace]
 41428 | Vaults:1 | Gained mutation: Your body has grown eyes which may confuse
                  | attackers. (Acc +3) [Jiyva's grace]
 41428 | Vaults:1 | Gained mutation: Your body has grown many eyes which may
                  | confuse attackers. (Acc +5) [Jiyva's grace]
 41623 | Vaults:1 | Found Fuahor's Book Shop.
 41762 | Vaults:1 | Reached skill level 10 in Armour
 41827 | Vaults:1 | Found Teulim's General Store.
 41835 | Vaults:1 | Bought a scroll of fear for 70 gold pieces
 42321 | Vaults:1 | Found Jomee's Distillery.
 42489 | Vaults:2 | Identified the ring "Ruuriat" {Ice Will+ Int-5 Dex+6}
 43505 | Vaults:2 | Found Laynubb's Antique Armour Shoppe.
 43575 | Vaults:2 | Gained mutation: When low on magic, you restore magic in
                  | place of health. [demonic ancestry]
 43575 | Vaults:2 | Reached XP level 19. HP: 200/200 MP: 19/19
 44118 | Vaults:3 | Found Vunoes's General Store.
 44121 | Vaults:3 | Bought a potion of curing for 54 gold pieces
 44134 | Vaults:3 | Lost mutation: You have sharp toenails. [Jiyva's grace]
 44134 | Vaults:3 | Lost mutation: You are very agile. (Dex +8, Str/Int -2)
                  | [Jiyva's grace]
 44134 | Vaults:3 | Lost mutation: You are very robust. (+20% HP) [Jiyva's
                  | grace]
 44134 | Vaults:3 | Lost mutation: You are resistant to electric shocks.
                  | (rElec) [Jiyva's grace]
 44134 | Vaults:3 | Lost mutation: Your body has grown many eyes which may
                  | confuse attackers. (Acc +5) [Jiyva's grace]
 44134 | Vaults:3 | Lost mutation: You have a small jelly attached to you that
                  | senses nearby items. [Jiyva's grace]
 44134 | Vaults:3 | Gained mutation: Your mind is acute. (Int +4, Str/Dex -1)
                  | [Jiyva's grace]
 44134 | Vaults:3 | Gained mutation: Your mind is very acute. (Int +8, Str/Dex
                  | -2) [Jiyva's grace]
 44134 | Vaults:3 | Gained mutation: Your melee attacks may engulf your foes in
                  | ooze. [Jiyva's grace]
 44134 | Vaults:3 | Gained mutation: You are very agile. (Dex +8, Str/Int -2)
                  | [Jiyva's grace]
 44140 | Vaults:3 | Found Ugiskoxt's General Store.
 44147 | Vaults:3 | Bought a scroll of teleportation for 57 gold pieces
 44675 | Vaults:3 | HP: 7/183 [ironbound thunderhulk/+0 dire flail (3)]
 44675 | Vaults:3 | Killed from afar by an ironbound thunderhulk

Illustrated notes

Levels and vault maps discovered:
D:1:      dpeg_arrival_rooms_c, layout_loops_ring,
          shapermc_ecumenical_altar_mp_vishouse, minmay_small_reverse_x
D:2:      layout_basic, uniq_jessica
D:3:      layout_basic, minitemple, minmay_crystal_room
D:4:      layout_basic, vehumet_altar_wand_db, serial_shops,
          nicolae_shop_behind_doors
D:5:      layout_loops_ring, minmay_temple_entry_statues_pillars,
          enter_ossuary_4
D:6:      layout_cave_pods, nicolae_ru_sacrificial_ziggurat, marbit_many_paths,
          serial_column_ruins, column_ruins_hut, column_ruins_square_large,
          column_ruins_open_tiny, column_ruins_grid_2, column_ruins_grid_4,
          column_ruins_columns_dead_end, column_ruins_grid_1,
          column_ruins_open_small, gammafunk_ghost_gnarly_gnolls, serial_shops,
          nicolae_stop_n_shop_2, uniq_sigmund
D:7:      layout_basic, pf_just_have_faith, mainiacjoe_overflow_brackets,
          nicolae_yredelemnul_ghost_church, nrook_campfire,
          lightli_corner_chamber
D:8:      layout_cave_pools, lemuel_zombie_altar_kikubaaqudgha,
          mainiacjoe_overflow_boulevard, lair_entry_dummy, uniq_maggie
D:9:      layout_basic, kennysheep_decorative_pillar, uniq_harold
D:10:     layout_cave_pods, mainiacjoe_overflow_alcove_1, serial_undead,
          serial_undead_c, serial_undead_b, serial_undead_d, serial_undead_f,
          uniq_maurice
D:11:     gammafunk_jiyva_shrine, layout_irregular_city, david_orc_5,
          small_statue_intersection, fedhas_ov_isle_minmay, uniq_nergalle,
          uniq_fannar
D:12:     layout_roguey, nicolae_hepliaklqana_monster_ancestors, uniq_jorgrun,
          uniq_sonja, uniq_erolcha
D:13:     layout_basic, erik_vaults_2, serial_shops, nicolae_lakefront_shop,
          amcnicky_mini_corridor_feature, uniq_nessos
D:14:     layout_roguey, serial_shops, nicolae_square_shop, shop,
          kennysheep_mini, nicolae_shop_advertising_works
          [nicolae_subvault_shop_adworks], shop, minivault_23, uniq_frances
D:15:     gammafunk_enter_depths_forms, layout_rooms, nicolae_eternal_life,
          gammafunk_ghost_tricky_traps, led_sif_pool, uniq_rupert, uniq_azrael
Lair:1:   layout_hall_layers, ebering_ghost_disaster_area, minmay_hedge_maze
Lair:2:   layout_concentric_octagons, elwin_shoals_entry_rooms,
          chequers_serial_rivers_room_a
Lair:3:   layout_regular_city, minmay_lair_oklob_items,
          nicolae_quartered_pool_medium, nicolae_lair_run_with_the_wolves,
          serial_bayou_shore_a, uniq_urug
Lair:4:   layout_cave_pods, dummy_spider_entry, worms_lemuel,
          infiniplex_staircase_pool
Lair:5:   layout_cave_pods, ldierk_geyser, kennysheep_snail_temple,
          grunt_megastairs_3, uniq_snorg
Lair:6:   evilmike_catoblepas_cave, layout_long_grid, slime_entry_1,
          nzn_masters_of_martial_movement, infiniplex_staircase_pool_2,
          grunt_megastairs_1
Shoals:1: layout_shoals, nicolae_shoals_drake_roost
Shoals:2: cheibrodos_shoals_gigantism, layout_shoals, nicolae_shoals_land_atoll,
          abandoned_shop
Shoals:3: layout_shoals, ebering_ghost_disaster_area, argonaut_gorgonesque
Shoals:4: shoals_end_hellmonk_lost_city, serial_shops
Spider:1: layout_spider_delve
Spider:2: layout_cave_pods, uniq_arachne
Spider:3: layout_spider_delve, uniq_roxanne
Spider:4: grunt_spider_rune_circles, hellmonk_test_site,
          hangedman_spider_tarantella_strand
Orc:1:    layout_diamond_mine
Orc:2:    grunt_orc_community_town_hall, layout_caves,
          grunt_orc_community_big_house_1, grunt_orc_community_big_house_2,
          grunt_orc_community_house_1, grunt_orc_community_house_1,
          grunt_orc_community_house_3, grunt_orc_community_house_3,
          grunt_orc_community_house_3, grunt_orc_community_house_2,
          gammafunk_ghost_necromancy, basic_altar
Vaults:1: ontoclasm_vaults_claustrophobia, ontoclasm_vaults_twist,
          nicolae_vaults_what_the_h, v_misc_27, vaults_room_fancy_cross,
          ontoclasm_vaults_decontamination, hangedman_vaults_impose,
          ontoclasm_vaults_idyll, nicolae_vaults_yaktaur_gun_rack,
          vaults_room_ringed_pool, nicolae_vaults_shelves_hall,
          layout_vaults_quadrants, serial_shops, shop,
          nicolae_shop_hallway_plus, shop, nicolae_lakefront_shop, shop_statue
Vaults:2: nicolae_vaults_little_squares_1, vaults_standard_mumra_x,
          hangedman_vaults_stagger, grunt_vaults_twisty, v_misc_19,
          ontoclasm_vaults_eye, v_alt_pattern_5, nicolae_vaults_three_branches,
          ontoclasm_vaults_gateway, grunt_vaults_hallway_short, v_misc_13,
          grunt_vaults_hallway_long, layout_vaults_ring, serial_shops, shop
Vaults:3: nicolae_vaults_big_ls, nicolae_vaults_ring_of_whatevers,
          minmay_crypt_entry_necro_gods, v_misc_30, v_misc_22,
          hangedman_vaults_corner, vaults_standard_mumra_enter_the_diamond,
          v_misc_27, v_misc_25, v_misc_11, vaults_mumra_chevron,
          layout_vaults_big_room, serial_shops, nicolae_shop_behind_doors, shop,
          shop

Skill      XL: |  1  2  3  4  5  6  7  8  9 10 11 12 13 14 15 16 17 18 19 |
---------------+----------------------------------------------------------+-----
Ranged Weapons | 4 5 6 7 9 11 12 13 14 15 16 18 | 18.0
Fighting       | 6 9 12 14 16 19 | 19.2
Dodging        | 3 6 7 9 11 12 | 12.0
Armour         | 4 7 12 14 | 14.8
Polearms       | 8 10 11 12 | 12.0
Evocations     | 5 6 |  6.0
Stealth        | |  0.8

Action                   |  1- 3 |  4- 6 |  7- 9 | 10-12 | 13-15 | 16-18 | 19-21 || total
-------------------------+-------+-------+-------+-------+-------+-------+-------++-------
Melee: Headbutt          |       |       |     3 |       |    62 |   116 |     7 ||   188
       Shortbow          |       |       |     3 |       |       |       |       ||     3
       Demon trident     |       |       |       |       |   200 |   348 |    14 ||   562
       Kick              |       |       |       |       |    82 |       |       ||    82
       Pseudopods        |       |       |       |       |    69 |    21 |       ||    90
       Bite              |       |       |       |       |    25 |       |       ||    25
       Longbow           |       |       |       |       |     5 |     3 |       ||     8
       Punch             |       |       |       |       |     5 |     5 |       ||    10
 Fire: Shortbow          |   108 |   143 |   200 |   401 |   926 |   213 |       ||  1991
       Arbalest          |       |       |    32 |   136 |    46 |       |       ||   214
       Longbow           |       |       |       |       |   473 |  1369 |   216 ||  2058
Invok: Oozemancy         |       |       |       |     3 |    30 |    10 |     5 ||    48
       Slimify           |       |       |       |     1 |       |       |       ||     1
Evoke: Wand              |       |       |     2 |     3 |    43 |     8 |       ||    56
       Condenser vane    |       |       |       |       |       |     2 |     2 ||     4
       Tin of tremorston |       |       |       |       |       |     1 |     2 ||     3
  Use: Scroll            |     6 |     4 |     2 |    11 |    18 |    15 |     3 ||    59
       Potion            |       |       |       |     1 |    16 |    11 |     7 ||    35
 Stab: Distracted        |       |       |       |       |     1 |       |       ||     1
       Confused          |       |       |       |       |       |       |     1 ||     1
Armor: Leather armour    |    25 |     2 |       |       |       |       |       ||    27
       Ring mail         |       |    25 |    31 |       |       |   156 |    71 ||   283
       Swamp dragon scal |       |       |     3 |    83 |   319 |   414 |       ||   819
       Scale mail        |       |       |       |       |    77 |       |       ||    77
Dodge: Dodged            |    40 |    46 |    63 |   418 |  1031 |  1691 |   288 ||  3577

Table legend: (Time is in decaauts)
 A = Elapsed time spent in this place.
 B = Non-inter-level travel time spent in this place.
 C = Inter-level travel time spent in this place.
 D = Time resting spent in this place.
 E = Time spent auto-exploring this place.
 F = Levels seen in this place.
 G = Mean time per level.
                   A        B        C        D        E       F      G
               +--------+--------+--------+--------+--------+-----+--------+
         Total |  44865 |  40964 |   3901 |  10816 |  19506 |  35 | 1281.9 |
       Dungeon |  17547 |  15538 |   2009 |   4184 |   8225 |  15 | 1169.8 |
          Lair |   8252 |   7405 |    847 |   1135 |   4260 |   6 | 1375.3 |
        Shoals |   5254 |   4910 |    344 |   1575 |   1606 |   4 | 1313.5 |
   Spider Nest |   6285 |   5937 |    348 |   1698 |   2446 |   4 | 1571.2 |
  Orcish Mines |   2166 |   2080 |     86 |    642 |    697 |   2 | 1083.0 |
        Vaults |   4909 |   4642 |    267 |   1580 |   2028 |   3 | 1636.3 |
       Ossuary |    449 |    449 |      0 |      0 |    242 |   1 |  449.0 |
               +--------+--------+--------+--------+--------+-----+--------+

Top non-repeatable levels by time:
Vaults:1: 2645 daAuts
    D:13: 2010 daAuts
  Lair:5: 1950 daAuts
     D:9: 1942 daAuts
    D:10: 1901 daAuts
Shoals:3: 1797 daAuts
Spider:4: 1775 daAuts
Spider:3: 1762 daAuts
   Orc:2: 1676 daAuts
Vaults:2: 1532 daAuts
Spider:2: 1516 daAuts
  Lair:6: 1409 daAuts
  Lair:1: 1395 daAuts
     D:8: 1357 daAuts
  Lair:3: 1330 daAuts
